 Dungeon Crawl Stone Soup version 0.27.1-34-g3ba077fa99 (webtiles) character file.

Game seed: 7467879116656523935

105 Doot the Magician (level 4, -4/30 HPs)
             Began as a Mummy Earth Elementalist on Jan 4, 2022.
             Shot with an arrow by a centaur (12 damage)
             ... on level 5 of the Dungeon.
             The game lasted 00:01:51 (773 turns).

Doot the Magician (Mummy Earth Elementalist)         Turns: 773, Time: 00:01:52

Health: -4/30      AC:  4    Str: 11    XL:     4   Next: 53%
Magic:  10/10      EV: 12    Int: 15    God:
Gold:   33         SH:  0    Dex: 12    Spells: 10/11 levels left

rFire    x . .     SeeInvis .   a - +0 short sword
rCold    + . .     Faith    .   (no shield)
rNeg     + + +     Spirit   .   b - +0 robe
rPois    ∞         Reflect  .   f - +0 helmet
rElec    .         Harm     .   (no cloak)
rCorr    .         Rampage  .   e - +0 pair of gloves
Will     .....                  (no boots)
Stlth    ++........             (no amulet)
HPRegen  0.10/turn              (no ring)
MPRegen  0.12/turn              (no ring)

@: no status effects
A: cold resistance 1, negative energy resistance 3, torment resistance 2, heat
vulnerability 1, no potions
a: no special abilities


You were on level 5 of the Dungeon.
You visited 1 branch of the dungeon, and saw 5 of its levels.

You collected 33 gold pieces.

Inventory:

Hand Weapons
 a - a +0 short sword (weapon)
Missiles
 c - 51 stones
Armour
 b - a +0 robe (worn)
 e - a +0 pair of gloves (worn)
 f - a +0 helmet (worn)
 g - a +0 leather armour
Scrolls
 d - a scroll of teleportation {unknown}


   Skills:
 + Level 1.8 Dodging
 + Level 2.2 Stealth
 + Level 4.0 Spellcasting
 + Level 0.7 Transmutations
 + Level 3.4 Earth Magic


You had 10 spell levels left.
You knew the following spells:

 Your Spells              Type           Power      Damage    Failure   Level
a - Sandblast             Erth           26%        2d8       4%          1

Your spell library contained the following spells:

 Spells                   Type           Power      Damage    Failure   Level
 Passwall                 Tmut/Erth      7%         N/A       12%         2
 Stone Arrow              Conj/Erth      16%        3d8       26%         3
 Petrify                  Tmut/Erth      9%         N/A       58%         4


Dungeon Overview and Level Annotations

Branches:
Dungeon (5/15)
 Temple: D:4-7

Altars:

Shops:
D:3 (


Innate Abilities, Weirdness & Mutations

You are immune to poison.
Your flesh is cold resistant. (rC+)
You are immune to negative energy. (rN+++)
You are immune to unholy pain and torment.
You are vulnerable to heat. (rF-)
You do not drink.


Message History

The blast of sand hits the water moccasin skeleton!
The water moccasin skeleton is almost destroyed.
The water moccasin skeleton completely misses you.
The jackal barely misses you.
The water moccasin skeleton completely misses you.
Unknown command.
Casting: Sandblast (safe; 5% risk of failure)
Confirm with . or Enter, or press ? or * to list all spells.
Aiming: Sandblast (safe; 5% risk of failure)
Press: ? - help, Shift-Dir - straight line, f/p - water moccasin skeleton
Aim: a water moccasin skeleton (almost destroyed, 85% to hit)
The blast of sand hits the water moccasin skeleton!
You destroy the water moccasin skeleton!
The jackal bites you. The jackal barely misses you.
You have reached level 4!
Casting: Sandblast (safe; 4% risk of failure)
Confirm with . or Enter, or press ? or * to list all spells.
Aiming: Sandblast (safe; 4% risk of failure)
Press: ? - help, Shift-Dir - straight line, f - jackal
Aim: a jackal (74% to hit)
The blast of sand hits the jackal!
You kill the jackal!
Your Spellcasting skill increases to level 4!
Unknown command.
You start resting.
Magic restored.
You start resting.
HP restored.
You see here a +0 falchion.
Found a scroll labelled QATHRIBLA TAOPP.
A centaur comes into view.
The centaur shouts!
The centaur wields a +0 shortbow.
The centaur shoots an arrow.
The arrow closely misses you.
The centaur shoots an arrow.
The arrow hits you!
You see here 17 gold pieces.
The centaur shoots an arrow.
The arrow hits you!
* * * LOW HITPOINT WARNING * * *
The centaur shoots an arrow.
The arrow hits you!
You die...

#...###..# .. ..
#....#..#... ...#
#.......... #..
##......... #.##
##.<.......
##c####.)..###...
.. #.........##
....###.........#
#....@........#
#..##.$.......# #
#?.....###...#
#..#..## ...##
#...#.## ...#
.......# ##.#
......##. ..
##.....# . #.....
..


You could see a centaur.

Vanquished Creatures
  A water moccasin skeleton (D:5)
  A hound (D:4)
  A hound skeleton (D:4)
  An endoplasm (D:3)
  A goblin (D:3)
  A hobgoblin (D:4)
  3 jackals
  A quokka (D:1)
  A ball python (D:3)
  A bat (D:3)
  A frilled lizard (D:1)
  2 kobolds
15 creatures vanquished.

Notes
Turn   | Place    | Note
-------+----------+-------------------------------------------
     0 | D:1      | Doot the Mummy Earth Elementalist began the quest for the
                  | Orb.
     0 | D:1      | Reached XP level 1. HP: 13/13 MP: 4/4
   209 | D:3      | Found Kodwibio's Weapon Shop.
   387 | D:3      | Reached XP level 2. HP: 19/19 MP: 1/5
   433 | D:4      | Reached skill level 3 in Spellcasting
   433 | D:4      | Reached XP level 3. HP: 24/24 MP: 1/7
   560 | D:4      | Noticed an ogre
   570 | D:5      | Entered Level 5 of the Dungeon
   577 | D:5      | Reached XP level 4. HP: 11/30 MP: 3/9
   578 | D:5      | Reached skill level 4 in Spellcasting
   769 | D:5      | Noticed a centaur
   773 | D:5      | Shot with an arrow by a centaur

Illustrated notes

Levels and vault maps discovered:
D:1:      minmay_arrival_four_circles, layout_loops_corners,
          shapermc_ecumenical_altar_petra
D:2:      layout_basic, basic_altar, minivault_25
D:3:      layout_basic, chequers_temple_overflow_statue_of_worship,
          serial_shops, nicolae_shop_temple_entry_statues_fountains
D:4:      cheibrodos_old_hovel, layout_loops_ring, tgw_kikubaaqudgha,
          nicolae_ru_great_annihilating_truth, minivault_1, uniq_grinder,
          uniq_ijyb
D:5:      layout_layer_cave

Skill      XL: |  1  2  3  4 |
---------------+-------------+-----
Stealth        | 2 |  2.2
Spellcasting   | 3 4 |  4.0
Earth Magic    | 3 |  3.4
Dodging        | |  1.8
Transmutations | |  0.7

Action                   |  1- 3 |  4- 6 || total
-------------------------+-------+-------++-------
Melee: Short sword       |    11 |       ||    11
 Cast: Sandblast         |    24 |     1 ||    25
 Stab: Sleeping          |     1 |       ||     1
Armor: Robe              |     3 |       ||     3
Dodge: Dodged            |    27 |     1 ||    28
